 Dungeon Crawl Stone Soup version 0.29-a0-340-g6efceafd81 (webtiles) character file.

Game seed: 4713499836007031781

199 quokkamancerX the Ogre Mage (level 5, 0/52 (67) HPs)
             Began as an Ogre Fire Elementalist on Apr 20, 2022.
             Slain by Duvessa
             ... wielding a +1 rapier of draining
              (2 damage)
             ... on level 4 of the Dungeon.
             The game lasted 00:23:52 (4615 turns).

quokkamancerX the Ogre Mage (OgFE)                  Turns: 4615, Time: 00:23:52

HP:   0/52 (67)     AC: 22    Str: 12    XL:     5   Next: 77%
MP:   6/13          EV:  1    Int: 18    God:
Gold: 160           SH:  0    Dex:  9    Spells: 13/16 levels left

rFire   . . .      SeeInvis .   r - +0 quarterstaff
rCold   . . .      Faith    .   (shield currently unavailable)
rNeg    . . .      Spirit   .   (body armour currently unavailable)
rPois   +          Reflect  .   (helmet currently unavailable)
rElec   .          Harm     .   (cloak currently unavailable)
rCorr   .          Rampage  .   (gloves unavailable)
Will    .....      NoTele   +   (boots unavailable)
Stlth   +.........              j - amulet of magic regeneration
HPRegen 0.17/turn               (no ring)
MPRegen 0.53/turn               (no ring)

@: tree-form, heavily drained
A: stationary, stasis, torment immunity, boosted hp, large, unfitting armour,
(tough skin 1)
a: no special abilities


You were on level 4 of the Dungeon.
You were a tree.
You visited 1 branch of the dungeon, and saw 4 of its levels.

You collected 160 gold pieces.

Inventory:

Hand Weapons
 r - a +0 quarterstaff (weapon)
Missiles
 v - 5 javelins
Armour
 a - a +1 robe (melded)
Jewellery
 j - an amulet of magic regeneration (around neck)
 u - a ring of ice
Scrolls
 c - a scroll of amnesia
 d - a scroll of fog
 e - a scroll of enchant armour
 f - a scroll of teleportation
 g - a scroll of fear
 o - a scroll of immolation
 t - a scroll of magic mapping
Potions
 b - a potion of magic
 h - a potion of cancellation {unknown}
 i - a potion of haste {unknown}
 k - a potion of heal wounds {unknown}
 l - a potion of degeneration {unknown}
 p - a potion of lignification


   Skills:
 - Level 1.7 Dodging
 - Level 1.4 Stealth
 - Level 6.0 Spellcasting
 - Level 0.8 Conjurations
 + Level 3.4 Fire Magic


You had 13 spell levels left.
You knew the following spells:

 Your Spells              Type           Power      Damage    Failure   Level
a - Foxfire               Conj/Fire      52%        2x1d6     4%          1
b - Scorch                Fire           34%        2d6       4%          2

Your spell library contained the following spells:

 Spells                   Type           Power      Damage    Failure   Level
 Pain                     Necr           20%        1d5       12%         1
 Sandblast                Erth           10%        2d5       12%         1
 Conjure Flame            Conj/Fire      13%        6-21      16%         3
 Passwall                 Tmut/Erth      4%         N/A       19%         2
 Inner Flame              Hex/Fire       11%        N/A       19%         3
 Stone Arrow              Conj/Erth      12%        3d7       30%         3
 Flame Wave               Conj/Fire      13%        2d6       45%         4
 Leda's Liquefaction      Hex/Erth       2%         N/A       75%         4
 Agony                    Necr           5%         N/A       97%         5
 Excruciating Wounds      Necr           2%         N/A       97%         5
 Lee's Rapid Deconstruct  Erth           2%         3d6*      97%         5
 Statue Form              Tmut/Erth      3%         N/A       100%        6


Dungeon Overview and Level Annotations

Branches:
Dungeon (4/15)
 Temple: D:4-7

Altars:
Ashenzari
Dithmenos
Hepliaklqana

Shops:
D:2 [

Annotations:
D:3 2 runed translucent doors, zeratav's ghost, amateur VSEn
D:4 1 runed translucent door, Crazy Yiuf; Dowan; Duvessa


Innate Abilities, Weirdness & Mutations

You are a tree.
Your roots penetrate the ground, keeping you stationary.
You cannot be teleported.
You are immune to unholy pain and torment.
Your maximum health is greatly increased.
Your equipment is partially melded.
You are too large for most types of armour.
((You have tough skin. (AC +1)))


Message History

Your foxfire dissipates!
Casting: Foxfire (safe; 4% risk of failure)
Confirm with . or Enter, or press ? or * to list all spells.
Flames lash Duvessa but do no damage.
Duvessa hits you with a +1 rapier of draining.
You feel drained.
Casting: Scorch (safe; 4% risk of failure)
Confirm with . or Enter, or press ? or * to list all spells.
Flames lash Dowan.
Dowan is lightly wounded.
Dowan's fire resistance burns away.
Duvessa hits you with a +1 rapier of draining!
You feel drained.
Casting: Scorch (safe; 4% risk of failure)
Confirm with . or Enter, or press ? or * to list all spells.
Flames lash Duvessa.
Duvessa is lightly wounded.
Duvessa's fire resistance burns away.
Duvessa barely misses you.
Casting: Scorch (safe; 4% risk of failure)
Confirm with . or Enter, or press ? or * to list all spells.
Flames lash Dowan.
Dowan is burned terribly!
Dowan is almost dead.
Duvessa hits you with a +1 rapier of draining!
* * * LOW HITPOINT WARNING * * *
You feel drained.
* * * LOW HITPOINT WARNING * * *
Casting: Scorch (safe; 4% risk of failure)
Confirm with . or Enter, or press ? or * to list all spells.
Flames lash Duvessa.
Duvessa is burned terribly!
Duvessa is moderately wounded.
Duvessa hits you with a +1 rapier of draining.
* * * LOW HITPOINT WARNING * * *
You feel drained.
* * * LOW HITPOINT WARNING * * *
You turn into a tree.
Your +1 robe melds into your body.
Your roots penetrate the ground.
Dowan mumbles some strange words.
Dowan blinks!
Duvessa hits you with a +1 rapier of draining.
You die...

##### **** #########.... ,,,*
#............ ,*,*
#########.#######.###
,,,******####.§e♣.....# #.#
,,,,,,,,,,..#.######### ###
,,,*******#.#.# ,*,* #.#.##
### ,,,* #....##♣♣ **### #..
**** #.....#P♣♣ ♣♣#..)# ###
#######........♣♣♣♣.+...# ##
#####...#...........♣..♣#...#
#.
#...###.#.......#..♣.♣♣♣**###
##


You could see Duvessa (combustible).

Vanquished Creatures
  Natasha (thrice) (D:4)
  3 adders
  4 gnolls
  A dart slug (D:1)
  An orc (D:3)
  7 ball pythons
  3 bats
  6 endoplasms
  A giant cockroach (D:4)
  7 goblins
  8 hobgoblins
  3 jackals (D:2)
  A frilled lizard (D:2)
  4 kobolds
  5 rats
57 creatures vanquished.

Vanquished Creatures (others)
  127 foxfires
  A fungus (D:4)
128 creatures vanquished.

Grand Total: 185 creatures vanquished

Notes
Turn   | Place    | Note
-------+----------+-------------------------------------------
     0 | D:1      | quokkamancerX the Ogre Fire Elementalist began the quest
                  | for the Orb.
     0 | D:1      | Reached XP level 1. HP: 16/16 MP: 3/3
   270 | D:1      | Reached skill level 3 in Spellcasting
   270 | D:1      | Reached XP level 2. HP: 20/24 MP: 1/6
   876 | D:1      | Reached XP level 3. HP: 22/31 MP: 2/8
  1001 | D:2      | Reached skill level 4 in Spellcasting
  1217 | D:2      | Found Yxugim's Antique Armour Emporium.
  1700 | D:2      | You fall into a shaft and drop 1 floor!
  1705 | D:3      | Found a large runed translucent door.
  1705 | D:3      | Found a large runed translucent door.
  1706 | D:3      | Noticed zeratav's ghost (amateur VSEn)
  1830 | D:3      | Reached XP level 4. HP: 35/39 MP: 7/10
  2090 | D:2      | Reached skill level 5 in Spellcasting
  3476 | D:4      | Found a runed translucent door.
  3476 | D:4      | Noticed Crazy Yiuf
  3666 | D:4      | Noticed Natasha
  3680 | D:4      | Killed Natasha
  3681 | D:4      | Reached XP level 5. HP: 36/45 MP: 13/13
  3746 | D:4      | Found a broken altar of Ashenzari.
  3746 | D:4      | Found a hazy altar of Hepliaklqana.
  3746 | D:4      | Found a shadowy altar of Dithmenos.
  3895 | D:4      | Noticed Natasha
  3906 | D:4      | Killed Natasha
  3907 | D:4      | Reached skill level 6 in Spellcasting
  4057 | D:4      | Learned a level 2 spell: Scorch
  4105 | D:4      | Noticed Natasha
  4112 | D:4      | Killed Natasha
  4147 | D:4      | Noticed Duvessa
  4147 | D:4      | Noticed Dowan
  4614 | D:4      | HP: 1/35 [Duvessa/+1 rapier of draining (2)]
  4615 | D:4      | Slain by Duvessa

Illustrated notes

Levels and vault maps discovered:
D:1:      minmay_arrival_wavy_path, layout_rooms
D:2:      layout_loops_ring, serial_rivers, chequers_serial_rivers_large_b,
          chequers_serial_rivers_small_3, chequers_serial_rivers_small_a,
          chequers_serial_rivers_room_a, serial_shops, shop, minmay_tromino_v4_b
D:3:      layout_basic, ebering_ghost_disaster_area
D:4:      layout_loops_ring, minitemple, amethyst_killhole, bh_walls_and_bars,
          uniq_crazy_yiuf_cottage, uniq_natasha, uniq_duvessa

Skill      XL: |  1  2  3  4  5 |
---------------+----------------+-----
Spellcasting   | 3 4 5 6 |  6.0
Fire Magic     | 3 |  3.4
Dodging        | |  1.7
Stealth        | |  1.4
Conjurations   | |  0.8

Action                   |  1- 3 |  4- 6 || total
-------------------------+-------+-------++-------
Melee: Dagger            |    49 |     1 ||    50
       Unarmed           |     2 |       ||     2
       Quarterstaff      |       |    68 ||    68
       Falchion          |       |     4 ||     4
 Cast: Foxfire           |    45 |    37 ||    82
       Scorch            |       |     6 ||     6
  Use: Scroll            |       |    12 ||    12
       Potion            |       |     1 ||     1
 Stab: Sleeping          |     1 |       ||     1
Armor: Robe              |    12 |    24 ||    36
Dodge: Dodged            |    36 |    39 ||    75

Table legend: (Time is in decaauts)
 A = Elapsed time spent in this place.
 B = Non-inter-level travel time spent in this place.
 C = Inter-level travel time spent in this place.
 D = Time resting spent in this place.
 E = Time spent auto-exploring this place.
 F = Levels seen in this place.
 G = Mean time per level.
                   A        B        C        D        E       F      G
               +--------+--------+--------+--------+--------+-----+--------+
         Total |   4672 |   4589 |     83 |   1708 |    406 |   4 | 1168.0 |
       Dungeon |   4672 |   4589 |     83 |   1708 |    406 |   4 | 1168.0 |
               +--------+--------+--------+--------+--------+-----+--------+

Top non-repeatable levels by time:
     D:2: 1612 daAuts
     D:4: 1265 daAuts
     D:1: 987 daAuts
     D:3: 807 daAuts
